 Dungeon Crawl Stone Soup version 0.20.1-1-g8b1a95d (webtiles) character file.

9947 motkuthepatient the Geomancer (level 11, -1/69 HPs)
             Began as a Gargoyle Earth Elementalist on July 29, 2017.
             Was a High Priest of Okawaru.
             Slain by polve's ghost (14 damage)
             ... on level 10 of the Dungeon.
             The game lasted 00:36:05 (12971 turns).

motkuthepatient the Geomancer (GrEE)               Turns: 12971, Time: 00:36:06

Health: -1/69      AC: 13    Str: 16    XL:     11   Next: 54%
Magic:  8/26       EV: 14    Int: 15    God:    Okawaru [*****.]
Gold:   548        SH:  0    Dex: 10    Spells: 3/18 levels left

rFire    . . .     SeeInvis .   U - +0 morningstar
rCold    . . .     Gourm    +   (no shield)
rNeg     + . .     Faith    .   y - +1 robe {Archmagi}
rPois    ∞         Spirit   .   q - +0 helmet
rElec    +         Reflect  .   O - +0 cloak
rCorr    .         Harm     .   (no gloves)
MR       .....                  H - +0 pair of boots
Stlth    ++........             v - amulet of the gourmand
Regen    0.3/turn               u - ring of magical power
MPRegen  0.2/turn               (no ring)

@: no status effects
A: negative energy resistance 1, electricity resistance, unbreathing,
petrification resistance, rot immunity, AC +7
a: Heroism, Finesse, Renounce Religion


You were on level 10 of the Dungeon.
You worshipped Okawaru.
Okawaru was extremely pleased with you.
You were very hungry.

You visited 2 branches of the dungeon, and saw 12 of its levels.

You collected 548 gold pieces.

Inventory:

Hand Weapons
 w - a +1 whip of draining
 U - a +0 morningstar (weapon)
Missiles
 b - 326 stones (quivered)
 h - 202 sling bullets
Armour
 n - a +0 ring mail
 q - a +0 helmet (worn)
 y - a +1 robe of the Archmagi (worn)
 H - a +0 pair of boots (worn)
 O - a +0 cloak (worn)
 Y - the +5 large shield of Youthful Indiscretion {rElec}
   (You found it on level 10 of the Dungeon)

   It insulates you from electricity.
Jewellery
 r - an uncursed ring of protection from magic {unknown}
 u - a ring of magical power (left hand)
 v - an amulet of the gourmand (around neck)
Wands
 t - a wand of enslavement (14/24)
 x - a wand of flame (26/48)
 W - a wand of random effects (30/48)
Scrolls
 f - 2 scrolls of immolation
 i - a scroll of summoning {unknown}
 j - a scroll of enchant weapon
 k - a scroll of identify
 l - a scroll of fear
 o - 5 scrolls of amnesia
 A - a scroll of fog {unknown}
 B - a scroll of random uselessness {unknown}
 C - 2 scrolls of remove curse
 D - 5 scrolls of teleportation
 E - 4 scrolls of enchant armour
 G - a scroll of blinking {unknown}
 I - 2 scrolls of magic mapping {unknown}
 R - a scroll of recharging {unknown}
Potions
 a - 2 potions of degeneration {unknown}
 g - 9 potions of curing {unknown}
 p - 2 potions of brilliance {unknown}
 s - 2 potions of might {unknown}
 z - 2 potions of berserk rage {unknown}
 K - 3 potions of mutation {unknown}
 L - 3 potions of agility {unknown}
 M - 2 potions of haste {unknown}
 N - 5 potions of flight {unknown}
 Q - 5 potions of heal wounds {unknown}
Books
 e - a book of Geomancy

   Spells                             Type                      Level
   a - Sandblast                      Earth                        1
   b - Passwall                       Transmutation/Earth          2
   c - Stone Arrow                    Conjuration/Earth            3
   d - Petrify                        Transmutation/Earth          4
   e - Lee's Rapid Deconstruction     Earth                        5
 S - a book of Cantrips

   Spells                             Type                      Level
   a - Confusing Touch                Hexes                        1
   b - Animate Skeleton               Necromancy                   1
   c - Summon Small Mammal            Summoning                    1
   d - Apportation                    Translocation                1
Miscellaneous
 V - a fan of gales
Comestibles
 d - 10 bread rations
 Z - 4 meat rations


   Skills:
 - Level 8.3 Fighting
 * Level 10.3 Maces & Flails
 - Level 5.4 Dodging
 - Level 2.1 Stealth
 - Level 4.0 Spellcasting
 - Level 4.0 Conjurations
 - Level 2.0 Transmutations
 - Level 11.0 Earth Magic


You had 3 spell levels left.
You knew the following spells:

 Your Spells              Type           Power        Failure   Level  Hunger
a - Passwall              Tmut/Erth      ####......   1%          2    ##.....
b - Stone Arrow           Conj/Erth      #####.       2%          3    ###....
c - Lee's Rapid Deconstr  Erth           ######....   5%          5    ######.
d - Petrify               Tmut/Erth      ####....     12%         4    ####...
f - Sandblast             Erth           ######       1%          1    None


Dungeon Overview and Level Annotations

Branches:
Dungeon (11/15)            Temple (1/1) D:4            Lair (0/6) D:9
    Orc: D:9-12

Altars:
Ashenzari
Cheibriados
Dithmenos
Elyvilon
Fedhas
Gozag
Hepliaklqana
Kikubaaqudgha
Makhleb
Nemelex Xobeh
Okawaru
Qazlal
Ru
Sif Muna
Trog
Uskayaw
Vehumet
Xom
Yredelemnul
Zin
The Shining One

Shops:
D:7 ((   D:10 *

Annotations:
D:9 exclusion: downstairs
D:10 polve's ghost, novice DsGl


Innate Abilities, Weirdness & Mutations

You are resistant to torment.
Your stone body is resilient. (AC +7)
You are immune to poison.
You resist negative energy. (rN+)
You are resistant to electric shocks. (rElec)
You can survive without breathing.
You are immune to petrification.
You are immune to rotting.


Message History

Casting: Petrify
Confirm with . or Enter, or press ? or * to list all spells.
Aiming: Petrify
Press: ? - help, Shift-Dir - straight line, f/p - polve's ghost
Aim: polve's ghost (chance to defeat MR: 23%)
You feel a surge of power!
Polve's ghost resists with almost no effort.
Polve's ghost hits you.
Casting: Petrify
Confirm with . or Enter, or press ? or * to list all spells.
Aiming: Petrify
Press: ? - help, Shift-Dir - straight line, f/p - polve's ghost
Aim: polve's ghost (chance to defeat MR: 23%)
You feel a surge of power!
Polve's ghost resists with almost no effort.
Polve's ghost hits you!! Polve's ghost hits you!
* * * LOW HITPOINT WARNING * * *
Polve's ghost hits you!
You die...

####################
#..............W...######
#.###############.#..#..#
### #.#
####.........###.(. ##.##
#.# #.@W...........#≈≈≈
#...##
#.#####.##.#######.######
.....####.......##.# #.#
##.# ..........########.#
#.# #... .....####.# #.#
#.###... #...## #.# #.###
#.#..... ##.## #<# #...#
#.#..... #.# #.# ###<#
#.#..... #.# #># #.#
#.###...


You could see polve's ghost.

Vanquished Creatures
  2 two-headed ogres
  The ghost of NoNouf the Conjurer, a novice DEIE (D:6)
  Psyche (D:11)
  A troll (D:10)
  A merfolk (D:10)
  Prince Ribbit (D:9)
  2 hippogriffs
  Sigmund (D:3)
  10 yaks
  3 hungry ghosts
  3 ice beasts
  2 black bears
  A necrophage (D:10)
  A sky beast (D:9)
  4 ogres
  3 phantoms
  3 centaurs
  2 big kobolds (D:9)
  12 bullfrogs
  2 scorpions
  6 killer bees (D:8)
  9 wights
  5 howler monkeys
  3 crimson imps
  2 quasits
  2 bullfrog zombies
  3 jellies
  A centaur zombie (D:8)
  3 hounds
  2 centaur skeletons
  5 orc priests
  4 orc wizards
  A gnoll shaman (D:5)
  A bullfrog skeleton (D:9)
  3 iguanas
  12 worker ants
  A killer bee zombie (D:7)
  A hound zombie (D:5)
  A hound skeleton (D:10)
  2 worker ant zombies
  8 gnolls
  A howler monkey skeleton (D:6)
  8 adders
  4 shadow imps
  2 oozes (D:4)
  4 dart slugs (D:1)
  5 leopard geckos
  20 orcs
  9 bats
  11 giant cockroaches
  7 goblins
  5 hobgoblins
  6 jackals
  5 quokkas
  7 frilled lizards
  A jackal skeleton (D:8)
  14 kobolds
  2 leopard gecko skeletons
  A quokka skeleton (D:8)
  3 rats
246 creatures vanquished.

Notes
Turn   | Place    | Note
-------+----------+-------------------------------------------
     0 | D:1      | motkuthepatient the Gargoyle Earth Elementalist began the quest for the Orb.
     0 | D:1      | Reached XP level 1. HP: 10/10 MP: 3/3
    77 | D:1      | Reached skill level 4 in Earth Magic
   354 | D:1      | Reached XP level 2. HP: 3/15 MP: 0/5
  1222 | D:1      | Reached XP level 3. HP: 13/19 MP: 6/6
  1225 | D:1      | Reached skill level 5 in Earth Magic
  1386 | D:1      | Learned a level 2 spell: Passwall
  1394 | D:1      | Learned a level 3 spell: Stone Arrow
  2025 | D:2      | Reached skill level 1 in Conjurations
  2025 | D:2      | Reached XP level 4. HP: 24/24 MP: 5/7
  2262 | D:2      | Found a faded altar of an unknown god.
  2676 | D:3      | Reached skill level 6 in Earth Magic
  2676 | D:3      | Reached XP level 5. HP: 19/28 MP: 6/8
  2841 | D:3      | Noticed Sigmund
  2847 | D:3      | Killed Sigmund
  2847 | D:3      | Reached skill level 7 in Earth Magic
  2847 | D:3      | Reached XP level 6. HP: 32/32 MP: 2/9
  3827 | D:4      | Found a staircase to the Ecumenical Temple.
  3829 | D:4      | Noticed a phantom
  3838 | Temple   | Entered the Ecumenical Temple
  4158 | Temple   | Became a worshipper of Warmaster Okawaru
  4184 | D:4      | Killed a phantom
  4184 | D:4      | Reached skill level 1 in Maces & Flails
  4201 | D:4      | Reached skill level 1 in Fighting
  4300 | D:4      | Found a glowing golden altar of the Shining One.
  4320 | D:4      | Reached XP level 7. HP: 37/38 MP: 10/10
  4469 | D:4      | Found a stormy altar of Qazlal.
  4469 | D:4      | Found a sparkling altar of Nemelex Xobeh.
  4469 | D:4      | Found an ancient bone altar of Kikubaaqudgha.
  4660 | D:4      | Found a glowing silver altar of Zin.
  4972 | D:5      | Entered Level 5 of the Dungeon
  4991 | D:5      | Reached skill level 8 in Earth Magic
  5002 | D:5      | Reached * piety under Okawaru
  5100 | D:5      | Reached XP level 8. HP: 46/46 MP: 11/11
  5589 | D:5      | Noticed a hippogriff
  5596 | D:5      | Killed a hippogriff
  5655 | D:6      | Reached skill level 9 in Earth Magic
  5680 | D:6      | Learned a level 5 spell: Lee's Rapid Deconstruction
  5696 | D:6      | Reached ** piety under Okawaru
  5764 | D:6      | Noticed NoNouf's ghost (novice DEIE)
  5770 | D:6      | Killed NoNouf's ghost
  5770 | D:6      | Reached skill level 5 in Fighting
  5770 | D:6      | Reached XP level 9. HP: 49/54 MP: 9/12
  5780 | D:6      | Found a burning altar of Makhleb.
  6075 | D:6      | Reached skill level 5 in Maces & Flails
  6165 | D:6      | Found a basalt altar of Yredelemnul.
  6327 | D:6      | Reached *** piety under Okawaru
  6504 | D:7      | Found Bigofur's Antique Weapon Boutique.
  6820 | D:7      | Found a shadowy altar of Dithmenos.
  6861 | D:7      | Found a sparkling altar of Nemelex Xobeh.
  6917 | D:7      | Reached skill level 10 in Earth Magic
  6921 | D:7      | HP: 1/55 [orc priest/divine providence (14)]
  7277 | D:7      | Reached **** piety under Okawaru
  7634 | D:7      | Found Cigilale's Antique Weapon Shoppe.
  7634 | D:7      | Found a hide-covered altar of Uskayaw.
  7699 | D:7      | Reached XP level 10. HP: 60/61 MP: 14/14
  8146 | D:8      | Noticed a two-headed ogre
  8530 | D:8      | Found a hazy altar of Hepliaklqana.
  9107 | D:8      | Killed a two-headed ogre
  9107 | D:8      | Reached ***** piety under Okawaru
  9505 | D:9      | Noticed Prince Ribbit
  9512 | D:9      | Killed Prince Ribbit
  9604 | D:9      | Found a staircase to the Lair.
  9747 | D:9      | Reached skill level 5 in Dodging
 10062 | D:9      | Noticed a two-headed ogre
 10068 | D:9      | Killed a two-headed ogre
 10068 | D:9      | Reached skill level 11 in Earth Magic
 10076 | D:9      | Learned a level 4 spell: Petrify
 10317 | D:9      | Reached skill level 1 in Transmutations
 10324 | D:9      | Reached XP level 11. HP: 56/68 MP: 16/17
 10367 | D:10     | Entered Level 10 of the Dungeon
 10405 | D:10     | Got a brightly glowing large shield
 10434 | D:10     | Identified the +5 large shield of Youthful Indiscretion {rElec} (You found it on level 10 of the Dungeon)
 10579 | D:10     | Received a gift from Okawaru
 10877 | D:10     | Found Gyduif's General Store.
 11228 | D:10     | Noticed polve's ghost (novice DsGl)
 11979 | D:10     | Reached skill level 10 in Maces & Flails
 12204 | D:11     | Noticed Psyche
 12208 | D:11     | Killed Psyche
 12444 | D:10     | HP: 1/69 [polve's ghost (22)]
 12971 | D:10     | Slain by polve's ghost

Skill      XL: |  1  2  3  4  5  6  7  8  9 10 11 |
---------------+----------------------------------+-----
Earth Magic    | 4 5 6 7 8 9 10 11 | 11.0
Conjurations   | 1 2 3 4 |  4.0
Maces & Flails | 1 2 4 6 7 10 | 10.3
Fighting       | 1 3 5 6 8 |  8.3
Dodging        | 3 4 5 |  5.4
Spellcasting   | 4 |  4.0
Transmutations | 1 2 |  2.0
Stealth        | |  2.1

Action                   |  1- 3 |  4- 6 |  7- 9 | 10-12 || total
-------------------------+-------+-------+-------+-------++-------
Melee: Unarmed           |   107 |       |       |       ||   107
       Short sword       |    61 |   124 |       |       ||   185
       Mace              |       |    29 |   289 |       ||   318
       Whip              |       |       |     6 |    30 ||    36
       Morningstar       |       |       |       |   323 ||   323
       Dire flail        |       |       |       |    15 ||    15
 Cast: Sandblast         |    19 |    12 |     2 |     1 ||    34
       Stone Arrow       |       |     7 |    54 |    43 ||   104
       Lee's Rapid Decon |       |       |     9 |    24 ||    33
       Petrify           |       |       |       |    29 ||    29
       Passwall          |       |       |       |     2 ||     2
Evoke: Wand              |       |       |     9 |       ||     9
  Use: Scroll            |       |     2 |     4 |     3 ||     9
 Stab: Sleeping          |     1 |     1 |     3 |     2 ||     7
       Distracted        |       |       |     1 |       ||     1
       Petrified         |       |       |       |    21 ||    21
  Eat: Chunk             |     4 |    19 |    13 |    33 ||    69
       Meat ration       |       |       |     1 |       ||     1
       Fruit             |       |       |       |     4 ||     4
       Royal jelly       |       |       |       |     2 ||     2
Armor: Robe              |    59 |    74 |   212 |   163 ||   508
Dodge: Dodged            |   134 |   126 |   265 |   280 ||   805
